 Dungeon Crawl Stone Soup version 0.20-a0-641-g673355a (webtiles) character file.

1495 Giannetos the Chopper (level 8, -3/70 HPs)
             Began as a Minotaur Fighter on Feb 13, 2017.
             Was a Believer of Okawaru.
             Slain by a two-headed ogre
             ... wielding a +0 giant club
              (20 damage)
             ... on level 5 of the Dungeon.
             The game lasted 00:12:18 (5677 turns).

Giannetos the Chopper (Minotaur Fighter)            Turns: 5677, Time: 00:12:18

Health: -3/70      AC: 13    Str: 26    XL:     8   Next: 51%
Magic:  0/7        EV:  8    Int:  5    God:    Okawaru [**....]
Gold:   260        SH: 11    Dex: 10    Spells: 7/7 levels left

rFire    . . .     SeeInvis .   o - +1 war axe (chop)
rCold    . . .     Gourm    .   B - +0 chain mail (curse)
rNeg     . . .     Faith    .   c - +0 shield
rPois    .         Spirit   +   (helmet restricted)
rElec    .         Reflect  .   (no cloak)
rCorr    .         Harm     .   A - +0 pair of gloves
MR       .....                  m - +1 pair of boots
Stlth    ..........             j - amulet of guardian spirit
Regen    0.3/turn               (no ring)
MPRegen  0.1/turn               k - +3 ring of strength

@: no status effects
A: retaliatory headbutt, horns 2
a: Heroism, Renounce Religion


You were on level 5 of the Dungeon.
You worshipped Okawaru.
Okawaru was pleased with you.
You were not hungry.

You visited 2 branches of the dungeon, and saw 7 of its levels.

You collected 260 gold pieces.

Inventory:

Hand Weapons
 a - a +1 war axe
 o - a +1 war axe of chopping (weapon)
 u - a +0 flail
 v - a +1 falchion of flaming
Armour
 c - a +0 shield (worn)
 m - a +1 pair of boots (worn)
 x - a +0 chain mail
 A - a +0 pair of gloves (worn)
 B - a cursed +0 chain mail (worn)
Jewellery
 j - an amulet of guardian spirit (around neck)
 k - a +3 ring of strength (left hand)
Wands
 p - a wand of flame (13/48)
 w - a wand of confusion (30/48)
 y - a wand of flame (12/48)
Scrolls
 e - a scroll of remove curse
 g - 3 scrolls of teleportation
 r - a scroll of blinking
Potions
 b - a potion of invisibility {unknown}
 n - a potion of brilliance
 q - a potion of curing
 s - a potion of lignification {unknown}
 t - 2 potions of magic {unknown}
Books
 z - a book of Geomancy

   Spells                             Type                      Level
   a - Sandblast                      Earth                        1
   b - Passwall                       Transmutation/Earth          2
   c - Stone Arrow                    Conjuration/Earth            3
   d - Petrify                        Transmutation/Earth          4
   e - Lee's Rapid Deconstruction     Earth                        5
Comestibles
 d - 4 chunks of flesh
 f - 4 bread rations
 h - 8 meat rations
 i - 9 fruits
 l - 3 royal jellies


   Skills:
 + Level 6.1 Fighting
 * Level 7.9 Axes
 + Level 6.4 Armour
 + Level 4.3 Dodging
 + Level 6.3 Shields


You had 7 spell levels left.
You didn't know any spells.

Dungeon Overview and Level Annotations

Branches:
Dungeon (6/15)             Temple (1/1) D:4

Altars:
Ashenzari
Cheibriados
Dithmenos
Fedhas
Gozag
Kikubaaqudgha
Makhleb
Nemelex Xobeh
Okawaru
Qazlal
Ru
Sif Muna
Trog
Uskayaw
Vehumet
Xom
Yredelemnul
Zin
The Shining One


Innate Abilities, Weirdness & Mutations

You reflexively headbutt those who attack you in melee.
You have a pair of horns on your head.


Message History

The two-headed ogre is heavily wounded.
The two-headed ogre barely misses you.
The two-headed ogre hits you with a giant spiked club!!
You are too injured to fight recklessly!
You are too injured to fight recklessly!
You are too injured to fight recklessly!
You are too injured to fight recklessly!
You are too injured to fight recklessly!
Your chain mail prevents you from hitting the two-headed ogre.
The two-headed ogre is heavily wounded.
The two-headed ogre hits you with a giant club.
The two-headed ogre hits you with a giant spiked club!
* * * LOW HITPOINT WARNING * * *
You slash the two-headed ogre!
The two-headed ogre is almost dead.
You hit the two-headed ogre. You headbutt the two-headed ogre.
The two-headed ogre is almost dead.
You block the two-headed ogre's attack.
The two-headed ogre hits you with a giant spiked club!!
You die...

#......##.#+#....................
#......####......................
#.###### ##.....................
#.##########.....................
...................).............
#.#..............................
#................................
.................................
......(.....#...@O...............
............#....................
##.....)....#....................
#....<)....#....................
###........#....................
#........#....................
#........#.................... #
#.............................
####.#.######....................


You could see a two-headed ogre.

Vanquished Creatures
  Sigmund (D:4)
  Duvessa (D:4)
  An orc warrior (D:5)
  3 ogres
  Dowan (D:4)
  4 wights (D:4)
  A howler monkey (D:4)
  2 crimson imps (D:5)
  2 orc priests
  2 orc wizards
  A centaur skeleton (D:3)
  Terence (D:3)
  4 worker ants
  A hound skeleton (D:4)
  12 gnolls
  6 adders
  4 oozes
  3 worms (D:2)
  A dart slug (D:1)
  4 leopard geckos
  19 orcs
  5 bats
  7 giant cockroaches
  4 goblins
  5 hobgoblins
  11 jackals
  2 quokkas (D:2)
  2 ball pythons
  7 frilled lizards
  5 kobolds
  6 rats
128 creatures vanquished.

Vanquished Creatures (others)
  4 toadstools (D:1)
4 creatures vanquished.

Grand Total: 132 creatures vanquished

Notes
Turn   | Place    | Note
-------+----------+-------------------------------------------
     0 | D:1      | Giannetos the Minotaur Fighter began the quest for the Orb.
     0 | D:1      | Reached XP level 1. HP: 19/19 MP: 0/0
   126 | D:1      | Reached XP level 2. HP: 27/27 MP: 1/1
   267 | D:1      | Reached skill level 3 in Axes
   796 | D:2      | Reached XP level 3. HP: 33/33 MP: 2/2
   877 | D:2      | Reached skill level 1 in Dodging
  1338 | D:2      | Found an opulent altar of Gozag.
  1406 | D:2      | Found a burning altar of Makhleb.
  1595 | D:2      | Reached XP level 4. HP: 35/40 MP: 1/3
  1858 | D:2      | Found a basalt altar of Yredelemnul.
  2103 | D:3      | Reached skill level 4 in Axes
  2129 | D:3      | Found a faded altar of an unknown god.
  2264 | D:3      | Noticed an ogre
  2310 | D:3      | Reached XP level 5. HP: 46/46 MP: 4/4
  2432 | D:3      | Noticed Terence
  2443 | D:3      | Killed Terence
  2854 | D:3      | Reached XP level 6. HP: 46/53 MP: 5/5
  3318 | D:4      | Noticed Sigmund
  3332 | D:4      | Killed Sigmund
  3332 | D:4      | Reached skill level 5 in Fighting
  3332 | D:4      | Reached skill level 5 in Axes
  3360 | D:4      | Reached skill level 5 in Armour
  3384 | D:4      | Found a staircase to the Ecumenical Temple.
  3394 | Temple   | Entered the Ecumenical Temple
  3593 | Temple   | Became a worshipper of Warmaster Okawaru
  3694 | D:4      | Reached skill level 5 in Shields
  3804 | D:4      | Reached XP level 7. HP: 59/61 MP: 6/6
  3941 | D:4      | Noticed Duvessa
  3941 | D:4      | Noticed Dowan
  3946 | D:4      | Killed Duvessa
  3946 | D:4      | Reached skill level 6 in Axes
  3968 | D:4      | Killed Dowan
  4325 | D:4      | You fall through a shaft for 2 floors!
  4344 | D:5      | Entered Level 5 of the Dungeon
  4423 | D:5      | Reached * piety under Okawaru
  4606 | D:4      | Reached XP level 8. HP: 70/70 MP: 7/7
  4611 | D:4      | Reached skill level 7 in Axes
  5108 | D:5      | Reached ** piety under Okawaru
  5374 | D:5      | Found a deep blue altar of Sif Muna.
  5651 | D:5      | Noticed a two-headed ogre
  5677 | D:5      | Slain by a two-headed ogre

Vault maps used:
D:1:      ldierk_walled_garden_2
D:2:      lightli_temple_of_fire, lemuel_coloured_pillars_altar,
          grunt_gozag_statues
D:3:      chequers_ecumenical_altar_simple, uniq_terence
D:4:      kennysheep_big_flooded_room, temple_statues, uniq_sigmund,
          uniq_duvessa
D:5:      nicolae_overflow_crystal_walls, first_bread, kennysheep_cluttered_room
D:6:      serial_bayou, serial_bayou_shore_b, serial_bayou_lake_a,
          serial_bayou_lagoon_a, serial_bayou_pond_c
Temple:   regret_index_temple_waves

Skill      XL: |  1  2  3  4  5  6  7  8 |
---------------+-------------------------+-----
Axes           | 3 4 5 6 7 |  7.9
Dodging        | 1 2 3 4 |  4.3
Fighting       | 4 5 6 |  6.1
Shields        | 4 5 6 |  6.3
Armour         | 4 5 6 |  6.4

Action                   |  1- 3 |  4- 6 |  7- 9 || total
-------------------------+-------+-------+-------++-------
Melee: War axe           |    79 |   107 |   110 ||   296
       Headbutt          |    15 |    23 |    19 ||    57
  Use: Scroll            |       |    12 |     2 ||    14
       Potion            |       |     2 |     2 ||     4
  Eat: Chunk             |     2 |     7 |     6 ||    15
Armor: Scale mail        |    23 |    29 |       ||    52
       Chain mail        |       |     9 |    38 ||    47
Dodge: Dodged            |    24 |    20 |    32 ||    76
Block: Shield            |    30 |    51 |    51 ||   132
